[Event "Titled Tuesday Blitz June 6 Late 2023"]
[White "Goryachkina, Aleksandra"]
[Black "Bryakin, Mikhail"]
[WhiteFideId "4147103"]
[BlackFideId "4165314"]
[WhiteElo "2471"]
[BlackElo "2464"]
[Result "1-0"]
[Round "11"]
[TimeControl "180+2"]
[Date "2023.06.07"]
[WhiteClock "0:00:17"]
[BlackClock "0:00:53"]
[Board "16"]

1. e4 Nf6 2. e5 Nd5 3. d4 d6 4. Nf3 Bg4 5. exd6 cxd6 6. Be2 Nc6 7. O-O e6 8. c4 Nf6 9. d5 exd5 10. cxd5 Bxf3 11. gxf3 Ne5 12. Bb5+ Ned7 13. Re1+ Be7 14. Qe2 Kf8 15. Nc3 a6 16. Bd3 Ne5 17. Bf4 Ng6 18. Bg3 Nh5 19. Qe4 Nxg3 20. hxg3 Bf6 21. f4 h5 22. Qb4 Qd7 23. Bxg6 fxg6 24. Ne4 Be7 25. Ng5 Bxg5 26. fxg5 Kg8 27. Re6 Kh7 28. Qxd6 Qf7 29. Re7 Qf5 30. Qd7 Qxg5 31. Rxg7+ Kh6 32. Re1 Rad8 33. Qxb7 Rxd5 34. Ree7 Rd1+ 35. Kh2 Qf6 36. Rh7+ Rxh7 37. Rxh7+ Kg5 38. Rf7 Qd6 39. Qf3 Rd2 40. Qe3+ Kg4 41. Rf4+ Kg5 42. Rd4+ Kf6 43. Rxd6+ Rxd6 44. Qf4+ Ke6 45. Kg2 Rd5 46. Qe4+ Re5 47. Qxg6+ Kd5 48. Qxa6 Re6 49. Qxe6+ 1-0


[Site "https://www.chess.com"]

[Event "Titled Tuesday Blitz June 6 Late 2023"]
[White "Fernandez Guillen, Ernesto J."]
[Black "Fiorito, Francisco"]
[WhiteFideId "3512428"]
[BlackFideId "180165"]
[WhiteElo "2434"]
[BlackElo "2319"]
[Result "1/2-1/2"]
[Round "11"]
[TimeControl "180+2"]
[Date "2023.06.07"]
[WhiteClock "0:00:04"]
[BlackClock "0:00:03"]
[Board "17"]

1. e4 e5 2. Nf3 Nf6 3. d4 Nxe4 4. dxe5 d5 5. Bd3 Nc5 6. O-O Be7 7. h3 O-O 8. Nc3 c6 9. Re1 Nxd3 10. cxd3 Na6 11. Ne2 Nc5 12. Ng3 h6 13. d4 Ne6 14. Be3 Re8 15. Qd2 Bf8 16. Rac1 Nc7 17. a3 a5 18. Nh2 Qh4 19. Qd3 a4 20. Nf3 Qd8 21. Kh2 g6 22. Qd2 Kh7 23. Ng1 Ne6 24. f4 Ng7 25. N1e2 h5 26. Bf2 h4 27. Nf1 Nf5 28. Ne3 Nxe3 29. Qxe3 Bf5 30. Ng1 Be4 31. Nf3 Bxf3 32. Qxf3 Be7 33. f5 Bg5 34. Rc2 Qd7 35. f6 Qf5 36. Qxf5 gxf5 37. Be3 Rg8 38. Bxg5 Rxg5 39. Rf1 Rag8 40. Rf4 Rh5 41. Rcf2 Kg6 42. b3 axb3 43. Rb2 Ra8 44. Rxb3 b5 45. Rc3 Ra6 46. Rf2 Rg5 47. Rfc2 Ra4 48. Rd2 Ra6 49. Rdd3 f4 50. Rf3 Rg3 51. Kg1 Kf5 52. Kf2 Ke4 53. Rcd3 Ra8 54. Rxg3 hxg3+ 55. Ke2 b4 56. axb4 Ra2+ 57. Rd2 Rxd2+ 58. Kxd2 f3 59. e6 fxg2 60. e7 g1=Q 61. e8=Q+ Kxd4 62. Qe2 Qf2 63. h4 Qf4+ 64. Kc2 Qxf6 65. Qd3+ Ke5 66. Qxg3+ Qf4 67. Qc3+ d4 68. Qxc6 Qxh4 69. Qc7+ Kf5 70. Qxf7+ Ke4 71. Qe6+ Kf4 72. Kd3 Qd8 73. b5 Qh8 74. Qe4+ Kg5 75. Qxd4 Qb8 76. Kc4 Kf5 77. Qd7+ Ke5 78. Kc5 Qf8+ 79. Kc6 Qf3+ 80. Kb6 Qe3+ 81. Kb7 Qf3+ 82. Qc6 Qf2 83. b6 Kd4 84. Qd7+ Kc5 85. Qc7+ Kb5 86. Ka7 Qg1 87. Qd7+ Kc5 88. Qf5+ Kc6 89. Qe6+ Kb5 90. Qe5+ Kc6 91. Qc7+ Kb5 92. Ka8 Qg2+ 93. Ka7 Qg1 1/2-1/2


[Site "https://www.chess.com"]

[Event "Titled Tuesday Blitz June 6 Late 2023"]
[White "Bitoon, Richard"]
[Black "Maksimovic, Bojan"]
[WhiteFideId "5201110"]
[BlackFideId "14408120"]
[WhiteElo "2374"]
[BlackElo "2457"]
[Result "1-0"]
[Round "11"]
[TimeControl "180+2"]
[Date "2023.06.07"]
[WhiteClock "0:01:15"]
[BlackClock "0:00:01"]
[Board "18"]

1. e4 c5 2. c3 d5 3. exd5 Qxd5 4. d4 Nf6 5. Nf3 e6 6. Na3 Nc6 7. Nb5 Qd8 8. dxc5 Bxc5 9. Qxd8+ Kxd8 10. b4 Bb6 11. Nd6 Ke7 12. Nc4 Nd5 13. b5 Nb8 14. Ba3+ Kf6 15. Nd6 Nxc3 16. Bb2 Ke7 17. Bxc3 Kxd6 18. Bxg7 Ba5+ 19. Ke2 Rg8 20. Bf6 Nd7 21. Rd1+ Kc7 22. Bh4 a6 23. Ng5 axb5 24. Bg3+ Kd8 25. Nxf7+ Ke7 26. Nd6 Bb4 27. Bh4+ Nf6 28. Ne4 Rxa2+ 29. Ke3 Ra3+ 30. Rd3 Rg5 31. Bxg5 1-0


[Site "https://www.chess.com"]

[Event "Titled Tuesday Blitz June 6 Late 2023"]
[White "Najer, Evgeniy"]
[Black "WindWhistler11"]
[WhiteFideId "4118987"]
[WhiteElo "2545"]
[BlackElo "2583"]
[Result "1-0"]
[Round "11"]
[TimeControl "180+2"]
[Date "2023.06.07"]
[WhiteClock "0:01:08"]
[BlackClock "0:00:06"]
[Board "19"]

1. d4 Nf6 2. c4 e6 3. Nf3 c5 4. d5 exd5 5. cxd5 Bd6 6. Nc3 O-O 7. Bg5 Re8 8. e3 h6 9. Bh4 Bf8 10. d6 Re6 11. Bc4 Rxd6 12. Qb3 Re6 13. O-O Nc6 14. Bxe6 fxe6 15. Ne4 g5 16. Nxf6+ Qxf6 17. Bg3 d5 18. h4 g4 19. Nh2 Qg6 20. f3 c4 21. Qd1 gxf3 22. Qxf3 Bc5 23. h5 Qg7 24. Ng4 Bd7 25. Bf4 e5 26. Qxd5+ Kh8 27. Nxe5 Bxe3+ 28. Bxe3 Nxe5 29. Bd4 Re8 30. Rae1 Nf3+ 31. Rxf3 Rxe1+ 32. Kf2 1-0


[Site "https://www.chess.com"]

[Event "Titled Tuesday Blitz June 6 Late 2023"]
[White "Papp, Levente"]
[Black "Matlakov, Maxim"]
[WhiteFideId "751243"]
[BlackFideId "4168003"]
[WhiteElo "2380"]
[BlackElo "2666"]
[Result "0-1"]
[Round "11"]
[TimeControl "180+2"]
[Date "2023.06.07"]
[WhiteClock "0:00:05"]
[BlackClock "0:00:05"]
[Board "20"]

1. Nf3 d5 2. b3 Bg4 3. Bb2 Nd7 4. c4 e6 5. d3 Ngf6 6. Nbd2 Be7 7. g3 O-O 8. Bg2 a5 9. a3 c6 10. O-O Qb6 11. h3 Bh5 12. Ra2 Rfc8 13. Qa1 h6 14. Bc3 c5 15. cxd5 exd5 16. d4 a4 17. bxa4 Rxa4 18. Rb1 Qa7 19. Qb2 Bg6 20. Qxb7 Rc7 21. Qxa7 Rcxa7 22. Rba1 Ne4 23. Bb2 c4 24. Nxe4 Bxe4 25. Nd2 Bxg2 26. Kxg2 Bb4 27. Nb1 Nb6 28. Nc3 Bxc3 29. Bxc3 R4a6 30. f3 f5 31. Bb4 Na4 32. Kf2 Re6 33. Re1 Ra8 34. e3 Rae8 35. Rae2 Kf7 36. g4 g6 37. gxf5 gxf5 38. h4 Rg6 39. Rg1 Rge6 40. Rge1 h5 41. Rg1 f4 42. Rge1 Kf6 43. e4 dxe4 44. Rxe4 Rxe4 45. Rxe4 Rc8 46. Rxf4+ Ke6 47. Re4+ Kd5 48. Ke3 c3 49. Re5+ Kc4 50. Ke2 c2 51. Kd2 Kb3 52. Kc1 Nb6 53. Re3+ Ka4 54. Re2 Nd5 55. Rxc2 Rg8 56. Rc5 Rg1+ 57. Kd2 Rg2+ 58. Kd3 Nf4+ 59. Ke4 Ne2 60. Rxh5 Ng3+ 61. Ke5 Nxh5 62. d5 Re2+ 63. Kd4 Nf6 64. d6 Re6 65. Kc5 Nd7+ 66. Kc6 Nf6 67. Kc7 Re2 68. f4 Rc2+ 69. Kd8 Kb5 70. Ke7 Nd5+ 71. Kf7 Kc6 72. f5 Rf2 73. Ke6 Nf4+ 74. Kf6 Nd5+ 75. Ke6 Nf4+ 76. Kf6 Kd7 77. Bc5 Nd5+ 78. Ke5 Nc3 79. Bb4 Re2+ 80. Kf6 Nd5+ 81. Kg7 Nxb4 82. axb4 Kxd6 83. f6 Ke6 84. f7 Rg2+ 85. Kf8 Rf2 86. h5 Rxf7+ 87. Kg8 Rf2 88. h6 Rg2+ 89. Kf8 Rf2+ 90. Kg8 Ke7 91. h7 Rg2+ 92. Kh8 Kf7 93. b5 Rd2 94. b6 Rd8# 0-1


[Site "https://www.chess.com"]

[Event "Titled Tuesday Blitz June 6 Late 2023"]
[White "Keymer, Vincent"]
[Black "Domingo Nunez, Ruben"]
[WhiteFideId "12940690"]
[BlackFideId "22245570"]
[WhiteElo "2669"]
[BlackElo "2404"]
[Result "1-0"]
[Round "11"]
[TimeControl "180+2"]
[Date "2023.06.07"]
[WhiteClock "0:01:35"]
[BlackClock "0:00:25"]
[Board "21"]

1. a3 h6 2. c4 f5 3. b4 g5 4. Bb2 Nf6 5. Bxf6 exf6 6. e3 Kf7 7. d4 c6 8. Bd3 d5 9. Ne2 dxc4 10. Bxc4+ Kg7 11. Ng3 Bd6 12. Nh5+ Kg6 13. Bd3 Kf7 14. Nc3 Na6 15. Qc2 Qd7 16. O-O Nc7 17. f4 Ne8 18. Rae1 g4 19. Ne2 Bf8 20. Qa2+ Ke7 21. Neg3 Nd6 22. e4 Kd8 23. Nxf6 Qe6 24. Qxe6 Bxe6 25. e5 Nb5 26. d5 Bc8 27. Bxb5 cxb5 28. e6 Be7 29. Nfh5 a5 30. Nxf5 Ra6 31. Nxe7 Kxe7 32. f5 Kd6 33. f6 axb4 34. axb4 1-0


[Site "https://www.chess.com"]

[Event "Titled Tuesday Blitz June 6 Late 2023"]
[White "Manukyan, Sargis A."]
[Black "Baskakov, Egor"]
[WhiteFideId "13303970"]
[BlackFideId "24197866"]
[WhiteElo "2187"]
[BlackElo "2225"]
[Result "0-1"]
[Round "11"]
[TimeControl "180+2"]
[Date "2023.06.07"]
[WhiteClock "0:00:06"]
[BlackClock "0:00:11"]
[Board "22"]

1. d4 Nf6 2. c4 e6 3. Nc3 d5 4. Bg5 Be7 5. cxd5 Nxd5 6. Bxe7 Qxe7 7. e4 Nxc3 8. bxc3 O-O 9. Nf3 b6 10. Bc4 Bb7 11. Qe2 c5 12. O-O cxd4 13. cxd4 Nd7 14. Rad1 Rac8 15. Bb3 Nf6 16. Nd2 Rfd8 17. e5 Nd5 18. Qg4 Nc3 19. Rde1 Qb4 20. Nf3 Bxf3 21. Qxf3 a5 22. d5 Nxd5 23. Re4 Qe7 24. h4 Nc3 25. Rg4 b5 26. h5 b4 27. Bc2 Rd2 28. Bb1 Nxb1 29. Rxb1 Rxa2 30. Rd1 Rac2 31. Kh2 R2c7 32. h6 g6 33. Rgd4 Rf8 34. Qf4 f6 35. exf6 Rxf6 36. Rd8+ Kf7 37. Qe3 Rf5 38. Rh8 Qh4+ 39. Kg1 Kf6 40. g3 Qg4 41. Qb6 Qxd1+ 42. Kh2 Rh5+ 43. Kg2 Qh1# 0-1


[Site "https://www.chess.com"]

[Event "Titled Tuesday Blitz June 6 Late 2023"]
[White "Domingo Nunez, Alejandro"]
[Black "Hambleton, Aman"]
[WhiteFideId "22245561"]
[BlackFideId "2606577"]
[WhiteElo "2291"]
[BlackElo "2511"]
[Result "0-1"]
[Round "11"]
[TimeControl "180+2"]
[Date "2023.06.07"]
[WhiteClock "0:00:38"]
[BlackClock "0:00:03"]
[Board "23"]

1. g4 c6 2. c4 d5 3. cxd5 Qxd5 4. f3 Bxg4 5. Nc3 Qh5 6. Qb3 Qh4+ 7. Kd1 Bc8 8. Bh3 e6 9. d3 Nf6 10. Be3 Qb4 11. Qc2 Nbd7 12. f4 Bc5 13. a3 Qa5 14. d4 Be7 15. Nf3 Nb6 16. Ne5 Nbd5 17. Bd2 g6 18. Rg1 Qd8 19. Kc1 Bd7 20. e4 Nxc3 21. Bxc3 Rc8 22. Rd1 Qc7 23. b4 O-O 24. Kb2 Rfd8 25. Rac1 Be8 26. Re1 a5 27. Qb3 axb4 28. axb4 Ra8 29. f5 exf5 30. exf5 Nd5 31. fxg6 hxg6 32. Rg1 Bf6 33. Rcf1 Bxe5 34. dxe5 Nxc3 35. Qxc3 Rd5 36. e6 Qe5 37. exf7+ Bxf7 38. Bf5 Ra2+ 39. Kxa2 Qxc3 0-1


[Site "https://www.chess.com"]

[Event "Titled Tuesday Blitz June 6 Late 2023"]
[White "Pakleza, Zbigniew"]
[Black "reevecanada"]
[WhiteFideId "1119290"]
[WhiteElo "2410"]
[BlackElo "2609"]
[Result "1-0"]
[Round "11"]
[TimeControl "180+2"]
[Date "2023.06.07"]
[WhiteClock "0:00:09"]
[BlackClock "0:00:19"]
[Board "24"]

1. d4 d5 2. Bf4 Nf6 3. e3 e6 4. Nd2 Bd6 5. Bg3 c6 6. Ngf3 Qc7 7. Ne5 Nbd7 8. f4 c5 9. c3 a6 10. Bd3 b5 11. O-O b4 12. Rc1 Qb6 13. Kh1 a5 14. Ndf3 Ne4 15. Be1 f6 16. Nc4 dxc4 17. Bxe4 Rb8 18. f5 exf5 19. Bxf5 O-O 20. Be6+ Kh8 21. Bxc4 cxd4 22. exd4 bxc3 23. bxc3 Qc6 24. Bd3 Nb6 25. c4 Bg4 26. c5 Bf4 27. cxb6 Qxc1 28. Qxc1 Bxc1 29. Bg3 Rxb6 30. Rxc1 Bxf3 31. gxf3 Rd8 32. Bc7 Rc8 33. Bf5 Rbb8 34. Bxc8 Rxc8 35. Bf4 Kg8 36. Rxc8+ Kf7 37. d5 1-0


[Site "https://www.chess.com"]

[Event "Titled Tuesday Blitz June 6 Late 2023"]
[White "Wagner, Dennis"]
[Black "Vlassov, Nikolai"]
[WhiteFideId "24650684"]
[BlackFideId "4103360"]
[WhiteElo "2478"]
[BlackElo "2324"]
[Result "0-1"]
[Round "11"]
[TimeControl "180+2"]
[Date "2023.06.07"]
[WhiteClock "0:00:17"]
[BlackClock "0:00:10"]
[Board "25"]

1. d4 Nf6 2. Nf3 e6 3. c4 Nc6 4. g3 Bb4+ 5. Bd2 a5 6. Bg2 d6 7. O-O e5 8. Be3 exd4 9. Nxd4 Nxd4 10. Bxd4 O-O 11. Nc3 c6 12. Qd3 Re8 13. Rad1 Bg4 14. Ne4 Nxe4 15. Bxe4 f5 16. Bxf5 Bxe2 17. Bxh7+ Kh8 18. Bxg7+ Kxg7 19. Qg6+ Kh8 20. Rd4 Qe7 21. Rh4 Qxh4 22. gxh4 Rg8 23. Bxg8 Rxg8 24. Qxg8+ Kxg8 25. Rc1 Bf3 26. a3 Bc5 27. Rc3 Be4 28. Rb3 b6 29. Rg3+ Kh7 30. Kf1 d5 31. cxd5 cxd5 32. Ke2 d4 33. f3 Bc6 34. Rg5 Kh6 35. Kd3 Bb5+ 36. Kd2 Bc4 37. Re5 d3 38. Re4 b5 39. a4 Bb4+ 40. Ke3 d2 41. Rd4 Bc5 42. Kxd2 Bxd4 43. axb5 Bxb5 44. b3 Kh5 45. f4 Kxh4 46. f5 Kg5 47. Kc2 Kxf5 48. Kb1 Kg4 49. Ka2 Kh3 50. Ka3 Kxh2 51. b4 a4 52. Ka2 Kg3 53. Ka3 Kf4 54. Ka2 Ke3 55. Ka3 Kd3 56. Ka2 Kc4 57. Ka3 Kc3 58. Ka2 Kxb4 59. Kb1 a3 60. Ka2 Bc4+ 61. Kb1 a2+ 62. Kc2 a1=Q 63. Kd2 Qb2+ 64. Ke1 Qe2# 0-1


[Site "https://www.chess.com"]

[Event "Titled Tuesday Blitz June 6 Late 2023"]
[White "Rosen, Eric"]
[Black "Becerra, Juan David"]
[WhiteFideId "2032562"]
[BlackFideId "4404998"]
[WhiteElo "2331"]
[BlackElo "2304"]
[Result "1-0"]
[Round "11"]
[TimeControl "180+2"]
[Date "2023.06.07"]
[WhiteClock "0:00:16"]
[BlackClock "0:00:01"]
[Board "26"]

1. d4 d5 2. Bf4 Nf6 3. e3 c5 4. Nf3 Nc6 5. Nbd2 Bg4 6. c3 e6 7. Qa4 Nd7 8. Bb5 Qc8 9. Ne5 Ndxe5 10. Bxe5 a6 11. Bxc6+ Qxc6 12. Qxc6+ bxc6 13. dxc5 f6 14. Bd6 Bxd6 15. cxd6 Kd7 16. f3 Bh5 17. O-O-O Kxd6 18. Ne4+ Ke7 19. Nc5 a5 20. e4 Kd6 21. Nb7+ Kc7 22. Nc5 Kd6 23. Nb3 Bf7 24. Rhe1 c5 25. Nd2 Rhe8 26. c4 d4 27. e5+ Kc6 28. Ne4 f5 29. Nd6 Rf8 30. h4 Bg6 31. Rd3 Rfb8 32. Ra3 a4 33. Rh1 Rb4 34. h5 Be8 35. g4 fxg4 36. fxg4 Rab8 37. Rh2 Bd7 38. Rf2 h6 39. Raf3 R8b6 40. Rf7 a3 41. b3 Ra6 42. Kc2 Rab6 43. R2f3 Kc7 44. Rxg7 1-0


[Site "https://www.chess.com"]

[Event "Titled Tuesday Blitz June 6 Late 2023"]
[White "Przybylski, Wojciech"]
[Black "Martins, Bruno Andre Leite"]
[WhiteFideId "1117599"]
[BlackFideId "1942255"]
[WhiteElo "2228"]
[BlackElo "2241"]
[Result "1-0"]
[Round "11"]
[TimeControl "180+2"]
[Date "2023.06.07"]
[WhiteClock "0:01:28"]
[BlackClock "0:00:09"]
[Board "27"]

1. e4 e6 2. d4 d5 3. Nc3 Nf6 4. Bg5 dxe4 5. Nxe4 Be7 6. Nc3 O-O 7. Nf3 c5 8. dxc5 Bxc5 9. Qxd8 Rxd8 10. Bxf6 gxf6 11. Ne4 Be7 12. Bd3 Nc6 13. a3 b6 14. O-O-O Bb7 15. Rhe1 Rd5 16. Nc3 Rd7 17. Bxh7+ Kxh7 18. Rxd7 Rb8 19. Nb5 Kg7 20. Nxa7 Bc5 21. Rxb7 Rxb7 22. Nxc6 Bxf2 23. Re2 Bc5 24. b4 Bf8 25. Kb2 Rc7 26. Ncd4 Rd7 27. c4 f5 28. Kb3 Be7 29. Nc6 Bf6 30. Nce5 Rd1 31. c5 bxc5 32. bxc5 Rb1+ 33. Kc4 Be7 34. Rc2 Kf8 35. Nc6 Bf6 36. Nfe5 Ke8 37. Nd3 Kd7 38. Ncb4 Ra1 39. Kb5 Rxa3 40. c6+ Kc8 41. Nc5 Bd8 42. Nb7 Bc7 43. Rd2 Rb3 44. Rd7 Rb2 45. Rxf7 Kb8 46. Kc4 Rxg2 47. Na6+ Ka7 48. Nxc7 Kb6 49. Nd8 e5 50. Nd5+ 1-0


[Site "https://www.chess.com"]

[Event "Titled Tuesday Blitz June 6 Late 2023"]
[White "Hansen, Eric"]
[Black "Liu, Casper"]
[WhiteFideId "2606771"]
[BlackFideId "1454153"]
[WhiteElo "2561"]
[BlackElo "2221"]
[Result "1-0"]
[Round "11"]
[TimeControl "180+2"]
[Date "2023.06.07"]
[WhiteClock "0:01:20"]
[BlackClock "0:00:16"]
[Board "28"]

1. f4 f5 2. Nf3 Nf6 3. g3 g6 4. Bg2 Bg7 5. O-O O-O 6. d3 e6 7. c4 d5 8. Nc3 c6 9. Qc2 Qb6+ 10. Kh1 d4 11. Na4 Qd8 12. b4 Ng4 13. h3 Nf6 14. Kh2 a6 15. c5 Bd7 16. Nb6 Ra7 17. Bb2 Be8 18. Nxd4 Bf7 19. Nc4 Ng4+ 20. hxg4 Bxd4 21. g5 h6 22. gxh6 Qf6 23. Bxd4 Qxd4 24. Bf3 Kh7 25. e3 Qd8 26. Ne5 Nd7 27. Nc4 Nf6 28. Rh1 Kxh6 29. Qb2 Kg7 30. Nd6 Rg8 31. Kg2 Kf8 32. Rh6 Ne8 33. Qe5 Nxd6 34. cxd6 Ra8 35. Rah1 Qd7 36. Rh7 Rd8 37. Qf6 Ke8 38. e4 Rf8 39. e5 b6 40. Kf2 c5 41. Bc6 1-0


[Site "https://www.chess.com"]

[Event "Titled Tuesday Blitz June 6 Late 2023"]
[White "Schnaider, Ilan"]
[Black "Oro, Faustino"]
[WhiteFideId "169013"]
[BlackFideId "20000197"]
[WhiteElo "2224"]
[BlackElo "1984"]
[Result "1-0"]
[Round "11"]
[TimeControl "180+2"]
[Date "2023.06.07"]
[WhiteClock "0:00:06"]
[BlackClock "0:00:05"]
[Board "29"]

1. e4 c5 2. Nf3 d6 3. Bb5+ Bd7 4. Bxd7+ Qxd7 5. c4 Nc6 6. d4 cxd4 7. Nxd4 Nf6 8. Nc3 g6 9. O-O Bg7 10. Nc2 O-O 11. Bg5 Rac8 12. Rc1 h6 13. Bh4 a6 14. Ne3 b5 15. Bxf6 Bxf6 16. cxb5 axb5 17. Ned5 Qe6 18. Nxf6+ Qxf6 19. Nd5 Qe6 20. Nb6 Rc7 21. Qd5 Qe5 22. Rxc6 Rxc6 23. Qxc6 Qxb2 24. Nd5 e6 25. Ne3 b4 26. Qxd6 Ra8 27. Nc4 Qc3 28. Nb6 Rxa2 29. Qd8+ Kg7 30. Nd7 Kh7 31. Qf8 Qg7 32. Qxb4 Re2 33. Qe7 h5 34. Nf6+ Kh6 35. Ne8 Qe5 36. Qf8+ Kg5 37. f4+ Qxf4 38. Rxf4 Kxf4 39. Qxf7+ Ke3 40. Qf3+ Kd2 41. Nc7 e5 42. Nd5 g5 43. Qc3+ Kd1 44. Ne3+ 1-0


[Site "https://www.chess.com"]

[Event "Titled Tuesday Blitz June 6 Late 2023"]
[White "Abrahamyan, Tatev"]
[Black "Tanenbaum, Zachary"]
[WhiteFideId "13301918"]
[BlackFideId "2060850"]
[WhiteElo "2342"]
[BlackElo "2207"]
[Result "0-1"]
[Round "11"]
[TimeControl "180+2"]
[Date "2023.06.07"]
[WhiteClock "0:00:19"]
[BlackClock "0:00:09"]
[Board "30"]

1. e4 e5 2. Nf3 Nc6 3. Bc4 Nf6 4. d3 Be7 5. O-O O-O 6. Re1 d6 7. c3 Na5 8. Bb5 a6 9. Ba4 b5 10. Bc2 c5 11. Nbd2 Re8 12. h3 Bf8 13. Nf1 h6 14. Ng3 Nc6 15. d4 cxd4 16. cxd4 exd4 17. Nxd4 Nxd4 18. Qxd4 Be6 19. b3 Rc8 20. Qd2 Qc7 21. Bd3 Nd7 22. Bb2 Be7 23. Nh5 Ne5 24. Rac1 Qb6 25. Bb1 Bg5 26. Nf4 Ng6 27. g3 Bxh3 28. Kh2 Bg4 29. Kg2 Bxf4 30. gxf4 Nh4+ 31. Kg3 Nf3 32. Qd3 Nxe1 33. Rxe1 Bf5 34. Re3 Bh7 35. f5 d5 36. e5 d4 37. Bxd4 Qc7 38. Bb2 Rcd8 39. Qe2 Qd7 40. e6 fxe6 41. fxe6 Qd6+ 42. Be5 Qxe6 43. Bxh7+ Kxh7 44. Kg2 Qg6+ 45. Rg3 Qf7 46. Qc2+ g6 47. Bb2 Qd5+ 48. Kh2 Qh5+ 49. Kg2 Qf5 50. Qc3 Qd5+ 51. Kh2 Qd7 52. Qf6 Re6 53. Qh4 Qe7 54. Qh3 Qf7 55. Rf3 Qe7 56. Qg4 Qd6+ 57. Kg2 Qd7 58. Rg3 Qd5+ 59. Kh2 Qe4 60. Qh3 Qd5 61. Rf3 Re7 62. Qg3 Rf7 63. Re3 Qd6 64. Re5 Qd2 65. Kg2 Qxb2 66. Qe3 Qd4 67. Qe2 Qd6 68. Re6 Qd5+ 69. Kh2 Qh5+ 70. Qxh5 gxh5 71. Rxa6 Rxf2+ 72. Kg3 Rf7 73. Ra7 Rg7+ 74. Rxg7+ Kxg7 75. Kh4 Kg6 76. a4 Rd4+ 77. Kg3 bxa4 78. bxa4 Rxa4 79. Kh3 Rb4 80. Kg3 Kg5 0-1


[Site "https://www.chess.com"]

[Event "Titled Tuesday Blitz June 6 Late 2023"]
[White "Gubajdullin, Alexei"]
[Black "benny_aizenberg"]
[WhiteFideId "4141202"]
[WhiteElo "2279"]
[BlackElo "2714"]
[Result "1-0"]
[Round "11"]
[TimeControl "180+2"]
[Date "2023.06.07"]
[WhiteClock "0:00:20"]
[BlackClock "0:00:01"]
[Board "31"]

1. d4 Nf6 2. Nf3 e6 3. Bf4 c5 4. e3 Nc6 5. h3 d5 6. Nbd2 Bd6 7. Bxd6 Qxd6 8. Bb5 O-O 9. O-O a6 10. Bxc6 bxc6 11. c3 Nd7 12. Qa4 cxd4 13. cxd4 c5 14. Qa3 Qb6 15. dxc5 Qxc5 16. b4 Qe7 17. Qa5 Rb8 18. a3 Bb7 19. Rac1 Rfc8 20. Rc7 Qd6 21. Rfc1 Nb6 22. Qc5 Qxc5 23. R1xc5 Rxc7 24. Rxc7 Na8 25. Rc5 Rc8 26. Nb3 Nb6 27. Na5 Ba8 28. Ne5 f6 29. Nd7 Rxc5 30. Nxc5 e5 31. Nxa6 d4 32. exd4 exd4 33. Nc5 Bd5 34. f3 Kf7 35. Kf2 Ke7 36. Ke2 Kd6 37. Kd3 Ke5 38. Ncb3 Kf4 39. Nxd4 Kg3 40. Nab3 Kxg2 41. Nc5 Kxh3 42. a4 h5 43. a5 Nc8 44. b5 h4 45. b6 Kg2 46. Nf5 Kxf3 47. Nxh4+ Kf4 48. Kd4 g5 49. Kxd5 1-0


[Site "https://www.chess.com"]

[Event "Titled Tuesday Blitz June 6 Late 2023"]
[White "Skvortsov, Andrei"]
[Black "Makaraci, Tunahan"]
[WhiteFideId "24108600"]
[BlackFideId "6356559"]
[WhiteElo "2259"]
[BlackElo "2160"]
[Result "1-0"]
[Round "11"]
[TimeControl "180+2"]
[Date "2023.06.07"]
[WhiteClock "0:01:20"]
[BlackClock "0:00:04"]
[Board "32"]

1. d4 d5 2. c4 e6 3. Nf3 c5 4. cxd5 exd5 5. Nc3 Nf6 6. Bg5 Be6 7. e3 c4 8. Be2 Bb4 9. O-O Nbd7 10. Ne5 Qa5 11. Nxd7 Nxd7 12. Bf3 O-O 13. Ne2 h6 14. Bf4 Be7 15. h3 Nf6 16. Be5 b5 17. a3 Qb6 18. Nc3 Rad8 19. g4 a5 20. Bg2 b4 21. axb4 axb4 22. Ne2 Ra8 23. f4 Ne4 24. f5 Bd7 25. Bxe4 dxe4 26. Ng3 Bc6 27. Rxa8 Rxa8 28. Bxg7 Ba4 29. Qe1 Bg5 30. Be5 Rc8 31. Nxe4 c3 32. Nc5 Bb5 33. Rf2 Rxc5 34. dxc5 Qxc5 35. Bd4 Qd5 36. bxc3 Bc6 37. e4 Qc4 38. Qe2 Qb3 39. Qa6 Bxe4 40. Qc8+ 1-0


[Site "https://www.chess.com"]

[Event "Titled Tuesday Blitz June 6 Late 2023"]
[White "Mortazavi, Ali"]
[Black "Sun, Rick"]
[WhiteFideId "401323"]
[BlackFideId "30909481"]
[WhiteElo "2339"]
[BlackElo "2169"]
[Result "1-0"]
[Round "11"]
[TimeControl "180+2"]
[Date "2023.06.07"]
[WhiteClock "0:00:08"]
[BlackClock "0:00:10"]
[Board "33"]

1. Nf3 d6 2. e4 Nf6 3. Nc3 e5 4. d4 Nbd7 5. Bc4 Be7 6. a4 c6 7. Ba2 Qc7 8. O-O O-O 9. Re1 h6 10. Nh4 Re8 11. Nf5 Nf8 12. Qf3 Bxf5 13. Qxf5 exd4 14. Ne2 c5 15. Bc4 Qd7 16. Qf3 a6 17. Nf4 Ng4 18. Bd5 Nf6 19. Qg3 Nxd5 20. Nxd5 Ng6 21. Nb6 Qc6 22. Nxa8 Rxa8 23. b3 Re8 24. a5 Bf6 25. Bd2 Rxe4 26. Qd3 d5 27. f3 c4 28. Qf1 Re6 29. f4 d3 30. f5 Bxa1 31. fxe6 Bd4+ 32. Kh1 fxe6 33. bxc4 dxc2 34. cxd5 Qxd5 35. Bc1 Kh7 36. Qd3 e5 37. h4 Qb5 38. Qe4 Qc6 39. Qf5 Qf6 40. Qe4 Qxh4+ 41. Qxh4 Nxh4 42. Re2 Nf5 43. Rxc2 Ng3+ 44. Kh2 Nf1+ 45. Kh3 g5 46. Rc7+ Kg6 47. Rxb7 h5 48. g3 g4+ 49. Kg2 Ne3+ 50. Bxe3 Bxe3 51. Rb6+ Kf5 52. Rxa6 e4 53. Ra8 Bd4 54. Rf8+ Ke6 55. a6 h4 56. gxh4 Bc5 57. Re8+ Kf5 58. Rc8 Bd4 59. Rd8 Be3 60. h5 Kg5 61. Rd5+ Kh6 62. Re5 Ba7 63. Kg3 Bb8 64. Kxg4 Bxe5 65. a7 Bf6 66. a8=Q e3 67. Qe4 Kg7 68. Qg6+ Kh8 69. Qxf6+ Kh7 70. Qe7+ Kg8 71. Qxe3 Kh8 72. Qa7 Kg8 73. Kg5 Kh8 74. Kg6 Kg8 75. Qa8# 1-0


[Site "https://www.chess.com"]

[Event "Titled Tuesday Blitz June 6 Late 2023"]
[White "Kleiman, Jake"]
[Black "Ozates, Tuna"]
[WhiteFideId "2020041"]
[BlackFideId "6354521"]
[WhiteElo "2685"]
[BlackElo "2151"]
[Result "1-0"]
[Round "11"]
[TimeControl "180+2"]
[Date "2023.06.07"]
[WhiteClock "0:00:35"]
[BlackClock "0:00:28"]
[Board "34"]

1. e4 Nf6 2. e5 Nd5 3. d4 d6 4. Nf3 dxe5 5. Nxe5 c6 6. Bc4 Nd7 7. Nf3 N7f6 8. h3 Bf5 9. O-O e6 10. Re1 Bd6 11. Bb3 O-O 12. Nbd2 a5 13. c3 a4 14. Bxa4 b5 15. Bc2 b4 16. c4 Nf4 17. Bxf5 exf5 18. Nf1 Ne6 19. Qc2 g6 20. b3 Bc7 21. Bb2 Re8 22. N1d2 Qd6 23. d5 Nf4 24. c5 Qxd5 25. Bxf6 Nh5 26. Bb2 g5 27. Nxg5 h6 28. Ngf3 Kh7 29. Qc4 Qd7 30. Qh4 Nf4 31. Qf6 Rg8 32. Re7 Rxg2+ 33. Kh1 Qd5 34. Rxf7+ 1-0


[Site "https://www.chess.com"]

[Event "Titled Tuesday Blitz June 6 Late 2023"]
[White "Sargsyan, Anna M."]
[Black "Alex_Sahakyan2006"]
[WhiteFideId "13308130"]
[WhiteElo "2284"]
[BlackElo "2681"]
[Result "1-0"]
[Round "11"]
[TimeControl "180+2"]
[Date "2023.06.07"]
[WhiteClock "0:00:25"]
[BlackClock "0:00:03"]
[Board "35"]

1. e4 e6 2. d4 d5 3. Nc3 Bb4 4. e5 c5 5. a3 Bxc3+ 6. bxc3 Ne7 7. Qg4 cxd4 8. cxd4 Qc7 9. Bd2 Nbc6 10. Bd3 Bd7 11. Ne2 O-O-O 12. Qxg7 Rdg8 13. Qxf7 Rxg2 14. Nf4 Nxe5 15. Qxe7 Nf3+ 16. Ke2 Nxd4+ 17. Kd1 Rgg8 18. Qb4 Nc6 19. Qc5 Rf8 20. Ne2 Qe5 21. Bc3 Qh5 22. Bxh8 Rxh8 23. Rb1 Rg8 24. Kd2 Rg4 25. Rhg1 Rh4 26. Qf8+ Kc7 27. Rg7 Qe5 28. Rxd7+ Kxd7 29. Rxb7+ 1-0


[Site "https://www.chess.com"]

[Event "Titled Tuesday Blitz June 6 Late 2023"]
[White "Skatchkov, Pavel"]
[Black "Mieles Palau, Daniel"]
[WhiteFideId "4121848"]
[BlackFideId "3600467"]
[WhiteElo "2476"]
[BlackElo "2344"]
[Result "1-0"]
[Round "11"]
[TimeControl "180+2"]
[Date "2023.06.07"]
[WhiteClock "0:00:48"]
[BlackClock "0:00:01"]
[Board "36"]

1. d4 d5 2. c4 e6 3. Nf3 Nf6 4. g3 c6 5. Bg2 dxc4 6. O-O b5 7. Ne5 Bb7 8. Nc3 a6 9. b3 Bb4 10. Bb2 Bxc3 11. Bxc3 cxb3 12. Qxb3 O-O 13. Rfd1 Nd5 14. Bb2 Nd7 15. e4 N5b6 16. Ba3 Re8 17. Rac1 Rc8 18. Qf3 Qf6 19. Qc3 h6 20. Bd6 Red8 21. Qb4 Nxe5 22. dxe5 Qg6 23. Bf3 c5 24. Rxc5 Nc4 25. Rd4 Qg5 26. Rdxc4 bxc4 27. Qxb7 Rxc5 28. Bxc5 c3 29. h4 Qc1+ 30. Kg2 c2 31. Bh5 Qd2 32. Qxf7+ Kh8 33. Bf8 1-0


[Site "https://www.chess.com"]